 Dungeon Crawl Stone Soup version 0.29-a0-334-gb41bcbb86e (webtiles) character file.

Game seed: 10715873075226935746

953 Jortsu the Chopper (level 7, -2/60 HPs)
             Began as a Purple Draconian Fighter on Apr 14, 2022.
             Was a Priest of Lugonu.
             Slain by a troll (8 damage)
             ... on level 5 of the Dungeon.
             The game lasted 00:06:59 (4904 turns).

Jortsu the Chopper (Purple Draconian Fighter)       Turns: 4904, Time: 00:06:59

Health: -2/60      AC:  8    Str: 25    XL:     7   Next: 90%
Magic:  0/7        EV: 11    Int: 15    God:    Lugonu [***...]
Gold:   274        SH:  8    Dex: 10    Spells: 6/6 levels left

rFire   . . .      SeeInvis .   j - +3 hand axe of Resourcefulness {flame, *Noise Str+4 Int+7}
rCold   . . .      Faith    .   p - +0 kite shield
rNeg    . . .      Spirit   +   (body armour unavailable)
rPois   +          Reflect  .   (helmet restricted)
rElec   .          Harm     .   q - +1 cloak {rPois}
rCorr   .          Rampage  .   (no gloves)
Will    +....                   (no boots)
Stlth   ++........              h - amulet of guardian spirit
HPRegen 0.20/turn               g - ring of poison resistance
MPRegen 0.10/turn               (no ring)

@: no status effects
A: breathe power, AC +6, unfitting armour, cold-blooded
a: Breathe Dispelling Energy, Renounce Religion, Depart the Abyss, Bend Space,
Banish


You were on level 5 of the Dungeon.
You worshipped Lugonu.
Lugonu was most pleased with you.
You visited 1 branch of the dungeon, and saw 5 of its levels.

You collected 274 gold pieces.

Inventory:

Hand Weapons
 a - a +1 war axe
 j - the +3 hand axe of Resourcefulness (weapon) {flame, *Noise Str+4 Int+7}
   (You took it off an orc on level 3 of the Dungeon)

   It burns those it strikes, dealing additional fire damage.
   Big, fiery blades are also staple armaments of hydra-hunters.
   Str:       It affects your strength (+4).
   Int:       It affects your intelligence (+7).
   *Noise:    It may make noises in combat.
Armour
 p - a +0 kite shield (worn)
 q - a +1 cloak of poison resistance (worn)
Jewellery
 g - a ring of poison resistance (left hand)
 h - an amulet of guardian spirit (around neck)
Wands
 b - a wand of polymorph (13)
 l - a wand of iceblast (8)
Scrolls
 d - a scroll of enchant weapon
 f - a scroll of teleportation
 i - a scroll of silence
 m - a scroll of immolation {unknown}
 n - 2 scrolls of identify
Potions
 c - 2 potions of might
 e - a potion of magic
 k - a potion of berserk rage
 o - a potion of invisibility {unknown}


   Skills:
 + Level 4.9 Fighting
 + Level 6.4 Axes
 + Level 4.5 Dodging
 + Level 1.9 Stealth
 + Level 4.5 Shields


You had 6 spell levels left.
You didn't know any spells.
Your spell library contained the following spells:

 Spells                   Type           Power      Damage    Failure   Level
 Magic Dart               Conj           0%         1d3       61%         1
 Call Imp                 Summ           0%         N/A       75%         2
 Mephitic Cloud           Conj/Pois/Air  0%         N/A       93%         3


Dungeon Overview and Level Annotations

Branches:
Dungeon (5/15)
 Temple: D:4-7

Altars:
Hepliaklqana
Sif Muna
Lugonu

Shops:
D:5 [


Innate Abilities, Weirdness & Mutations

You can breathe bolts of dispelling energy.
Your rich purple scales are hard. (AC +6)
You cannot fit into any form of body armour.
You are cold-blooded and may be slowed by cold attacks.


Message History

The troll is moderately wounded.
You block the troll's attack. x2; The troll claws you.
You barely miss the troll.
You tail-slap the troll, but do no damage.
The troll is moderately wounded.
The troll bites you! The troll claws you! The troll claws you.
You barely miss the troll.
The troll is lightly wounded.
You block the troll's attack. The troll claws you.
You block the troll's attack.
You barely miss the troll. You tail-slap the troll.
The troll is lightly wounded.
You block the troll's attack. The troll barely misses you.
You block the troll's attack.
You hit the troll. You burn the troll.
You tail-slap the troll, but do no damage.
The troll is moderately wounded.
You block the troll's attack. x2; The troll claws you.
You hit the troll. You burn the troll.
The troll is heavily wounded.
The troll bites you!
* * * LOW HITPOINT WARNING * * *
The troll claws you.
* * * LOW HITPOINT WARNING * * *
The troll barely misses you. The troll bites you.
* * * LOW HITPOINT WARNING * * *
You block the troll's attack. The troll claws you but does no damage.
You hit the troll. You burn the troll.
The troll is heavily wounded.
You block the troll's attack.
The troll claws you but does no damage. x2
You hit the troll. You burn the troll. You tail-slap the troll.
The troll is severely wounded.
The troll closely misses you. You block the troll's attack.
The troll claws you.
* * * LOW HITPOINT WARNING * * *
You hit the troll. You burn the troll.
You tail-slap the troll, but do no damage.
The troll is severely wounded.
The troll bites you!
You die...

.. ###### .#.# #.# ...... $.
....<.#.#### #.#.#.# ........ ...
.....#:#.. .#.#.# ........
...####...#.#.# ..#.# ........
... ......#.#.######.#.###.......
...##.#)..#....T@....... ...(....
#.............###......# #.##.#..
.......$......###......###.##.#..
............................>....
..........#...###.....####.#..#..
#..#)######...# #.....# #.#.....
#.............# ###..## #.#..#..
####.####.##..#####..# #.......
.....)..#.#####...<..#######..###


You could see a troll.

Vanquished Creatures
  Sigmund (D:3)
  A water moccasin (D:5)
  Duvessa (D:5)
  An ogre (D:4)
  2 phantoms (D:5)
  Dowan (D:5)
  A hound (D:4)
  Crazy Yiuf (D:4)
  Ijyb (D:4)
  Jessica (D:3)
  Robin (D:2)
  4 gnolls
  10 adders
  An ufetubus (D:5)
  A worm (D:4)
  A dart slug (D:1)
  2 orcs
  An endoplasm (D:4)
  11 goblins
  4 hobgoblins
  2 jackals (D:3)
  2 quokkas
  7 ball pythons
  6 bats
  2 frilled lizards
  3 kobolds
  7 rats
76 creatures vanquished.

Vanquished Creatures (others)
  3 fungi (D:4)
3 creatures vanquished.

Grand Total: 79 creatures vanquished

Notes
Turn   | Place    | Note
-------+----------+-------------------------------------------
     0 | D:1      | Jortsu the Draconian Fighter began the quest for the Orb.
     0 | D:1      | Reached XP level 1. HP: 19/19 MP: 1/1
   110 | D:1      | Reached XP level 2. HP: 21/26 MP: 2/2
   241 | D:1      | You fall into a shaft and drop 1 floor!
   711 | D:2      | Reached XP level 3. HP: 33/33 MP: 3/3
   761 | D:2      | Found a shimmering blue altar of Sif Muna.
   780 | D:2      | Found a faded altar of an unknown god.
   820 | D:2      | Prayed at the altar of an unknown god.
   820 | D:2      | Became a worshipper of Lugonu the Unformed
   820 | D:2      | Reached * piety under Lugonu
   820 | D:2      | Reached ** piety under Lugonu
   994 | D:2      | Noticed Robin
  1002 | D:2      | Killed Robin
  1003 | D:2      | Reached XP level 4. HP: 15/40 MP: 1/4
  1492 | D:3      | Reached skill level 3 in Axes
  2019 | D:3      | Identified the +3 hand axe of Resourcefulness {flame,
                  | *Noise Str+4 Int+7}
  2056 | D:3      | Reached XP level 5. HP: 43/46 MP: 5/5
  2135 | D:3      | Noticed Sigmund
  2143 | D:3      | Killed Sigmund
  2144 | D:3      | Reached skill level 4 in Axes
  2144 | D:3      | Reached XP level 6. HP: 39/52 MP: 4/6
  2230 | D:3      | Noticed Jessica
  2237 | D:3      | Killed Jessica
  2593 | D:3      | Found a hazy altar of Hepliaklqana.
  2815 | D:4      | Noticed Ijyb
  2839 | D:4      | Reached skill level 5 in Axes
  2842 | D:4      | Killed Ijyb
  3290 | D:4      | Reached *** piety under Lugonu
  3291 | D:4      | Reached skill level 1 in Stealth
  3926 | D:4      | Found a runed translucent door.
  3929 | D:4      | Noticed Crazy Yiuf
  3983 | D:4      | Killed Crazy Yiuf
  3984 | D:4      | Your scales start taking on a rich purple colour.
  3984 | D:4      | Reached XP level 7. HP: 34/59 MP: 3/7
  4190 | D:5      | Entered Level 5 of the Dungeon
  4193 | D:5      | Found Quritik's Antique Armour Boutique.
  4324 | D:5      | Reached skill level 6 in Axes
  4661 | D:5      | Noticed Dowan
  4661 | D:5      | Noticed Duvessa
  4673 | D:5      | Killed Duvessa
  4697 | D:5      | Killed Dowan
  4889 | D:5      | Noticed a troll
  4904 | D:5      | Slain by a troll

Illustrated notes

Levels and vault maps discovered:
D:1:      onia_arrival_handbag, layout_loops_ring
D:2:      minmay_spotlight, layout_rooms, shapermc_ecumenical_altar_notcrosses,
          basic_altar, kennysheep_decorative_pillar, uniq_robin
D:3:      layout_basic, mainiacjoe_overflow_alcove_2,
          hangedman_decor_clover_reticule, uniq_jessica, uniq_sigmund
D:4:      layout_loops_corners, uniq_crazy_yiuf_cottage, uniq_ijyb
D:5:      layout_basic, temple_statues, serial_shops, nicolae_shop_statue_plus,
          minmay_misc_feat_encased, uniq_duvessa

Skill      XL: |  1  2  3  4  5  6  7 |
---------------+----------------------+-----
Dodging        | 3 4 |  4.5
Axes           | 3 4 5 6 |  6.4
Fighting       | 4 |  4.9
Shields        | 4 |  4.5
Stealth        | 1 |  1.9

Action                   |  1- 3 |  4- 6 |  7- 9 || total
-------------------------+-------+-------+-------++-------
Melee: War axe           |    96 |    53 |       ||   149
       Tailslap          |     3 |    17 |    11 ||    31
       Hand axe          |       |    70 |    71 ||   141
       Unarmed           |       |     1 |       ||     1
  Use: Scroll            |     3 |     4 |     2 ||     9
       Potion            |       |     1 |       ||     1
 Stab: Sleeping          |     1 |     1 |       ||     2
Armor: Skin              |    57 |    25 |    24 ||   106
Dodge: Dodged            |    92 |    53 |    36 ||   181
Block: Buckler           |    28 |    24 |       ||    52
       Kite shield       |       |     2 |    32 ||    34

Table legend: (Time is in decaauts)
 A = Elapsed time spent in this place.
 B = Non-inter-level travel time spent in this place.
 C = Inter-level travel time spent in this place.
 D = Time resting spent in this place.
 E = Time spent auto-exploring this place.
 F = Levels seen in this place.
 G = Mean time per level.
                   A        B        C        D        E       F      G
               +--------+--------+--------+--------+--------+-----+--------+
         Total |   4971 |   4857 |    114 |   1019 |   2869 |   5 |  994.2 |
       Dungeon |   4971 |   4857 |    114 |   1019 |   2869 |   5 |  994.2 |
               +--------+--------+--------+--------+--------+-----+--------+

Top non-repeatable levels by time:
     D:4: 1707 daAuts
     D:3: 1008 daAuts
     D:2: 850 daAuts
     D:5: 724 daAuts
     D:1: 679 daAuts
